 Dungeon Crawl Stone Soup version 0.22.0-38-g04b72b8 (webtiles) character file.

6968 riellis the Slicer (level 11, -3/67 HPs)
             Began as a Formicid Skald on Aug 25, 2018.
             Was a Believer of Uskayaw.
             Slain by an orc warrior
             ... wielding a +0 mace
              (15 damage)
             ... on level 9 of the Dungeon.
             The game lasted 00:44:40 (12259 turns).

riellis the Slicer (Formicid Skald)                Turns: 12259, Time: 00:44:41

Health: -3/67      AC: 14    Str: 17    XL:     11   Next: 28%
Magic:  7/15       EV: 11    Int: 16    God:    Uskayaw [**....]
Gold:   358        SH:  0    Dex: 11    Spells: 8/16 levels left

rFire    + . .     SeeInvis +   a - +2 dagger (elec)
rCold    . . .     Gourm    .   (no shield)
rNeg     . . .     Faith    .   D - +4 scale mail "Kuremaod" {rElec rPois}
rPois    +         Spirit   .   (helmet unavailable)
rElec    +         Reflect  .   q - +2 cloak {+Inv}
rCorr    .         Harm     .   (no gloves)
MR       +....                  (no boots)
Stlth    ++++......             g - amulet of the acrobat
HPRegen  0.21/turn              r - ring of stealth
MPRegen  0.14/turn              (no ring)

@: no status effects
A: permanent stasis, dig shafts and tunnels, four strong arms, antennae 3,
clever 1, fire resistance 1, frail 1
a: Dig, Shaft Self, Stomp, Line Pass, Renounce Religion, Evoke Invisibility


You were on level 9 of the Dungeon.
You worshipped Uskayaw.
Uskayaw was noncommittal.
You were not hungry.

You visited 2 branches of the dungeon, and saw 10 of its levels.
You also visited: Sewer.

You collected 358 gold pieces.

Inventory:

Hand Weapons
 a - a +2 dagger of electrocution (weapon)
 b - a +0 arbalest
 i - a +0 hand axe of flaming
 l - a +0 war axe
 C - a +0 battleaxe
 F - a +0 dagger of venom
 G - a +0 dagger of flaming
Missiles
 e - 131 bolts
 f - 3 poisoned tomahawks
 t - 3 throwing nets (quivered)
Armour
 q - a +2 cloak of invisibility (worn)
 v - a +0 leather armour
 w - a +0 leather armour
 x - a +0 chain mail of cold resistance
 A - a +0 cloak
 D - the +4 scale mail "Kuremaod" (worn) {rElec rPois}
   (You found it on level 6 of the Dungeon)

   It insulates you from electricity.
   It protects you from poison.
Jewellery
 g - an amulet of the acrobat (around neck)
 r - a ring of stealth (left hand)
Wands
 h - a wand of flame (19)
 m - a wand of clouds (5)
 s - a wand of iceblast (9)
 y - a wand of acid (8)
Scrolls
 j - a scroll of fog {unknown}
 k - 5 scrolls of identify
 n - a scroll of immolation {unknown}
 o - 3 scrolls of magic mapping
 u - a scroll of remove curse
 z - a scroll of amnesia {unknown}
 B - 2 scrolls of enchant weapon {unknown}
Potions
 p - 2 potions of curing
 E - a potion of agility {unknown}
Comestibles
 d - 27 rations


   Skills:
 - Level 3.0 Fighting
 * Level 9.9 Short Blades
 - Level 2.7 Axes
 - Level 5.0 Armour
 + Level 5.2 Dodging
 + Level 9.0 Stealth
 - Level 3.0 Spellcasting
 - Level 6.0 Charms
 - Level 3.0 Translocations
 + Level 6.1 Invocations


You had 8 spell levels left.
You knew the following spells:

 Your Spells              Type           Power        Failure   Level  Hunger
a - Infusion              Chrm           ###.         4%          1    #......
b - Song of Slaying       Chrm           ###.....     8%          2    ##.....
c - Shroud of Golubria    Chrm/Tloc      ###.......   14%         2    ##.....
d - Regeneration          Chrm/Necr      ##........   45%         3    ###....

Your spell library contained the following spells:

 Spells                   Type           Power        Failure   Level  Hunger
 Spectral Weapon          Hex/Chrm       ##......     45%         3    ###....
 Recall                   Summ/Tloc      N/A          67%         3    ###....
 Animate Dead             Necr           N/A          99%         4    #####..
 Borgnjor's Vile Clutch   Necr/Erth      #.........   100%        5    ######.
 Death Channel            Necr           #.........   100%        6    #######
 Simulacrum               Ice/Necr       #.........   100%        6    #######


Dungeon Overview and Level Annotations

Branches:
Dungeon (9/15)             Temple (1/1) D:5
   Lair: D:8-11         Orc: D:9-12

Altars:
Ashenzari
Cheibriados
Dithmenos
Elyvilon
Fedhas
Gozag
Hepliaklqana
Kikubaaqudgha
Nemelex Xobeh
Okawaru
Qazlal
Sif Muna
Trog
Uskayaw
Vehumet
Wu Jian
Yredelemnul
Zin

Shops:
D:7 *

Annotations:
D:7 2 runed doors, Vylera's ghost, novice DsGl


Innate Abilities, Weirdness & Mutations

You cannot be hasted, slowed, berserked, paralysed or teleported.
You can dig through walls and to a lower floor.
Your four strong arms can wield two-handed weapons with a shield.
You have a pair of large antennae on your head. (SInv)
Your mind is acute. (Int +2)
Your flesh is heat resistant. (rF+)
You are frail. (-10% HP)


Message History

Your attack snaps the orc warrior out of its fear.
The orc warrior is lightly wounded.
You hit the orc warrior but do no damage.
Lightning courses through the orc warrior!
The orc warrior is severely wounded.
Cornered, the orc warrior turns to fight!
You hit the orc warrior.
The orc warrior is almost dead.
You can now pass through a line of other dancers.
You hit the orc warrior but do no damage.
The orc warrior is almost dead.
The orc warrior hits you but does no damage.
You hit the orc warrior but do no damage.
Lightning courses through the orc warrior!
You kill the orc warrior!
You hit the orc but do no damage. Lightning courses through the orc!
You kill the orc!
You hit the orc warrior but do no damage.
You closely miss the orc warrior. The orc warrior hits you with a mace!
You die...

### ##@# #o##
#
#######.####.#
>............#
###......o####
.......o#....#
###.###.).)..#
#. ###)##.# #
### #.# ... #


You could see an orc warrior.

Vanquished Creatures
  Harold (D:7)
  A two-headed ogre (D:8)
  Grinder (D:5)
  2 hippogriffs (D:7)
  A human (D:7)
  Grum (D:8)
  4 hogs (D:7)
  2 steam dragons
  A black bear (D:9)
  3 sky beasts
  A phantom (D:5)
  2 orc warriors
  5 ogres
  4 wolves (D:8)
  A big kobold (D:7)
  6 bullfrogs
  A gnoll sergeant (D:5)
  A wyvern skeleton (D:3)
  A scorpion (D:5)
  5 killer bees (D:9)
  5 howler monkeys
  5 crimson imps
  A centaur zombie (D:9)
  A quasit (D:8)
  5 hounds
  A gnoll shaman (D:7)
  5 orc priests
  A bullfrog skeleton (D:5)
  A jelly (D:8)
  Crazy Yiuf (D:5)
  A centaur skeleton (D:7)
  Ijyb (D:4)
  Natasha (thrice) (D:3)
  8 orc wizards
  6 worker ants
  A hound zombie (D:9)
  A hound skeleton (D:6)
  A worker ant zombie (D:5)
  A howler monkey zombie (D:6)
  12 gnolls
  9 adders
  2 shadow imps
  12 oozes
  3 worms (D:2)
  4 dart slugs
  17 leopard geckos
  39 orcs
  15 giant cockroaches
  8 hobgoblins
  6 jackals (D:1)
  12 kobolds
  4 quokkas
  13 ball pythons
  8 bats
  10 frilled lizards
  11 goblins
  A jackal skeleton (D:5)
  A leopard gecko skeleton (D:6)
  11 rats
  A fungus (D:5)
292 creatures vanquished.

Vanquished Creatures (others)
  4 toadstools (D:1)
4 creatures vanquished.

Grand Total: 296 creatures vanquished

Notes
Turn   | Place    | Note
-------+----------+-------------------------------------------
     0 | D:1      | riellis the Formicid Skald began the quest for the Orb.
     0 | D:1      | Reached XP level 1. HP: 16/16 MP: 3/3
    56 | D:1      | Reached XP level 2. HP: 5/22 MP: 0/5
  1214 | D:1      | Reached XP level 3. HP: 27/28 MP: 3/6
  1758 | D:2      | Learned a level 2 spell: Song of Slaying
  1907 | D:2      | Reached XP level 4. HP: 33/34 MP: 7/7
  2467 | D:2      | Reached skill level 1 in Short Blades
  2669 | D:2      | Reached skill level 1 in Stealth
  2799 | D:2      | Learned a level 2 spell: Shroud of Golubria
  2803 | D:2      | Learned a level 3 spell: Regeneration
  2807 | D:2      | Reached XP level 5. HP: 38/39 MP: 9/9
  2972 | D:3      | Found an ornate altar of the Wu Jian Council.
  3099 | D:3      | Found a glowing drain.
  3120 | Sewer    | Entered a sewer
  3683 | Sewer    | Reached XP level 6. HP: 40/46 MP: 7/10
  4148 | D:3      | Reached XP level 7. HP: 52/52 MP: 11/11
  4675 | D:3      | Noticed Natasha
  4683 | D:3      | Killed Natasha
  4871 | D:3      | Noticed Natasha
  4908 | D:3      | Killed Natasha
  5221 | D:3      | Noticed Natasha
  5225 | D:3      | Killed Natasha
  5329 | D:4      | HP: 1/52 [orc/trident (6)]
  5337 | D:4      | Gained mutation: You are frail. (-10% HP) [potion of mutation]
  5337 | D:4      | Gained mutation: Your mind is acute. (Int +2) [potion of mutation]
  5337 | D:4      | Gained mutation: Your flesh is heat resistant. (rF+) [potion of mutation]
  5924 | D:4      | Reached XP level 8. HP: 52/52 MP: 12/12
  6173 | D:4      | Noticed Ijyb
  6176 | D:4      | Killed Ijyb
  6491 | D:5      | Entered Level 5 of the Dungeon
  6704 | D:5      | Reached skill level 5 in Short Blades
  6836 | D:5      | Noticed Grinder
  6846 | D:5      | Killed Grinder
  6846 | D:5      | Reached skill level 5 in Stealth
  6846 | D:5      | Reached skill level 5 in Charms
  7305 | D:5      | Reached XP level 9. HP: 51/56 MP: 5/13
  7579 | D:5      | Reached skill level 5 in Armour
  7748 | D:5      | Found a staircase to the Ecumenical Temple.
  7759 | Temple   | Entered the Ecumenical Temple
  7917 | Temple   | Became a worshipper of Uskayaw the Reveler
  8012 | D:5      | Found a runed door.
  8016 | D:5      | Noticed Crazy Yiuf
  8020 | D:5      | Killed Crazy Yiuf
  8110 | D:6      | Reached * piety under Uskayaw
  8115 | D:6      | Reached ** piety under Uskayaw
  8132 | D:6      | Got an encrusted scale mail
  8133 | D:6      | Identified the +4 scale mail "Kuremaod" {rElec rPois} (You found it on level 6 of the Dungeon)
  8245 | D:6      | Reached skill level 1 in Invocations
  8540 | D:6      | Reached skill level 1 in Translocations
  9557 | D:6      | Found a blossoming altar of Fedhas.
  9662 | D:7      | Reached *** piety under Uskayaw
  9801 | D:7      | Found Roanuedel's Assorted Antiques.
  9952 | D:7      | Reached **** piety under Uskayaw
  9956 | D:7      | Reached ***** piety under Uskayaw
 10164 | D:7      | Noticed a hippogriff
 10167 | D:7      | Noticed a hippogriff
 10180 | D:7      | Killed a hippogriff
 10180 | D:7      | Reached XP level 10. HP: 48/63 MP: 0/14
 10382 | D:7      | Found a large runed door.
 10382 | D:7      | Found a large runed door.
 10384 | D:7      | Noticed Vylera's ghost (novice DsGl)
 10427 | D:7      | Noticed Harold
 10448 | D:7      | Killed Harold
 10942 | D:8      | Noticed a two-headed ogre
 10945 | D:8      | Killed a two-headed ogre
 10966 | D:8      | Reached skill level 5 in Invocations
 11170 | D:8      | Noticed Grum
 11184 | D:8      | Killed Grum
 11184 | D:8      | Reached XP level 11. HP: 51/67 MP: 12/15
 11722 | D:8      | Found a bloodstained altar of Trog.
 12166 | D:9      | Reached skill level 5 in Dodging
 12259 | D:9      | Slain by an orc warrior

Skill      XL: |  1  2  3  4  5  6  7  8  9 10 11 |
---------------+----------------------------------+-----
Dodging        | 2 3 4 5 |  5.2
Short Blades   | 1 2 3 4 5 7 9 |  9.9
Stealth        | 1 2 3 5 6 8 9 |  9.0
Armour         | 2 3 4 5 |  5.0
Spellcasting   | 3 |  3.0
Fighting       | 3 |  3.0
Charms         | 4 5 6 |  6.0
Invocations    | 3 5 6 |  6.1
Translocations | 2 3 |  3.0
Axes           | |  2.7

Action                   |  1- 3 |  4- 6 |  7- 9 | 10-12 || total
-------------------------+-------+-------+-------+-------++-------
Melee: Hand axe          |    80 |       |       |       ||    80
       Dagger            |     9 |   291 |   380 |   244 ||   924
 Fire: Arbalest          |       |       |     4 |       ||     4
Throw: Stone             |       |     3 |       |       ||     3
       Tomahawk          |       |       |     2 |       ||     2
       Throwing net      |       |       |       |     1 ||     1
 Cast: Infusion          |     6 |     2 |    14 |     2 ||    24
       Shroud of Golubri |       |     2 |    14 |     3 ||    19
       Song of Slaying   |       |       |     5 |       ||     5
Invok: Line Pass         |       |       |     1 |     2 ||     3
       Stomp             |       |       |       |     4 ||     4
 Abil: Dig               |       |     2 |     7 |     1 ||    10
  Use: Potion            |       |       |     3 |     1 ||     4
       Scroll            |       |       |     6 |     3 ||     9
 Stab: Sleeping          |       |     2 |    20 |     3 ||    25
       Paralysed         |       |       |     5 |    12 ||    17
       Distracted        |       |       |     1 |       ||     1
  Eat: Chunk             |     3 |     8 |    21 |     6 ||    38
       Ration            |       |       |       |     1 ||     1
Armor: Leather armour    |    28 |    88 |    14 |       ||   130
       Skin              |       |       |     7 |       ||     7
       Scale mail        |       |       |    85 |    87 ||   172
Dodge: Dodged            |    80 |   256 |   187 |   123 ||   646
